 Dungeon Crawl Stone Soup version 0.31-a0-846-gb3bcc0d938 (webtiles) character file.

Game seed: 9321637434665336058

128072 croobank the Unseen (level 17, -10/181 HPs)
             Began as an Octopode Delver on Oct 3, 2023.
             Was an Elder of Jiyva.
             Mangled by a wolf spider (13 damage)
             ... on level 2 of the Spider Nest.
             The game lasted 02:23:05 (23657 turns).

croobank the Unseen (Octopode Delver)              Turns: 23657, Time: 02:23:05

Health: -10/181    AC: 36    Str: 20    XL:     17   Next: 2%
Magic:  0/30       EV:  2    Int: 15    God:    Jiyva [****..]
Gold:   265        SH:  0    Dex: 11    Spells: 22/35 levels left

rFire   . . .        q - +4 long sword of Wunoyn {spect, +Blink rPois Dex-5}
rCold   . . .        M - +2 kite shield {reflect}
rNeg    + + .        (helmet currently unavailable)
rPois   +            u - amulet of guardian spirit
rElec   .            x - ring of flight
rCorr   +            R - ring of wizardry
SInv    +            B - +4 ring of protection
Will    ++...        e - +5 ring of evasion
Stlth   +++          l - +4 ring of protection
HPRegen 4.18/turn    Q - +5 ring of evasion
MPRegen 0.62/turn    b - ring of Xiacidgh {rN++ SInv}
                     T - +5 ring of evasion

%: reflection, guardian spirit, wizardry (x1)
@: confused, lethally poisoned (-10 -> -10), tree-form, spiked
A: stationary, stasis, torment immunity, boosted hp, almost no armour,
(amphibious), 8 rings, (camouflage 1), (gelatinous body 2), (nimble swimmer 1),
(tentacles), (iridescent scales 2), agile 1, (fire resistance 2), strong-willed
1, regeneration 3, (electricity resistance), strong 2, wild magic 1, (jelly
sensing items)
a: Renounce Religion, Evoke Blink, Oozemancy, Slimify


You were on level 2 of the Spider Nest.
You worshipped Jiyva.
Jiyva was greatly pleased with you.
You were a tree.
You visited 5 branches of the dungeon, and saw 29 of its levels.

You collected 1436 gold pieces.
You spent 1171 gold pieces at shops.

Inventory:

Hand Weapons
 a - a +5 dagger of speed
 p - a +5 flail
 q - the +4 long sword of Wunoyn (weapon) {spect, +Blink rPois Dex-5}
   (You found it on level 8 of the Dungeon)

   Dex-5:     It affects your dexterity (-5).
   rPois:     It protects you from poison +Blink: It lets you blink.
 A - a +0 scimitar
 D - a +0 flail of holy wrath
 G - a +4 whip
 I - a +2 dagger of venom
 K - the +3 battleaxe "Killer Klown's Regret" {freeze, *Slow Int+8}
   (You found it on level 8 of the Dungeon)

   Int+8:     It affects your intelligence (+8).
   *Slow:     It may slow you when you take damage.
 L - a +2 flail of protection
 S - a +2 vampiric long sword
 V - a +0 broad axe
 X - a +1 demon trident of draining
Missiles
 k - 8 boomerangs
 o - 8 poisoned darts
 F - 2 atropa-tipped darts
Armour
 M - a +2 kite shield of reflection (worn)
 Y - a +0 tower shield
Magical Staves
 n - a staff of fire
 W - a staff of earth
Jewellery
 b - the ring of Xiacidgh (on tentacle) {rN++ SInv}
   (You bought it in a shop on level 5 of the Dungeon)

   [ring of see invisible]

   rN++:      It greatly protects you from negative energy.
   SInv:      It lets you see invisible.
 e - a +5 ring of evasion (on tentacle)
 l - a +4 ring of protection (on tentacle)
 u - an amulet of guardian spirit (around neck)
 x - a ring of flight (left branch)
 z - a ring of protection from fire
 B - a +4 ring of protection (on tentacle)
 J - a ring of fire
 Q - a +5 ring of evasion (on tentacle)
 R - a ring of wizardry (right branch)
 T - a +5 ring of evasion (on tentacle)
 Z - the amulet of the Hammering Gods {Spirit rF+ Dex+2}
   (You found it on level 15 of the Dungeon)

   [amulet of guardian spirit]

   Spirit:    It causes incoming damage to be divided between your reserves of
   health and magic.
   Dex+2:     It affects your dexterity (+2).
   rF+:       It protects you from fire.
Wands
 f - a wand of digging (2)
 g - a wand of polymorph (7)
 h - a wand of flame (11)
 C - a wand of iceblast (5)
Scrolls
 c - 6 scrolls of revelation
 d - a scroll of poison
 i - 6 scrolls of identify
 r - 3 scrolls of teleportation
 s - 5 scrolls of noise
 t - 2 scrolls of vulnerability
 v - a scroll of immolation
Potions
 m - 3 potions of enlightenment
 w - a potion of mutation
 E - 3 potions of attraction
 H - 2 potions of resistance


   Skills:
 + Level 12.9 Fighting
 + Level 12.6 Short Blades
 + Level 12.5 Dodging
 + Level 18.1 Stealth
 - Level 9.0 Shields
 - Level 9.6 Spellcasting
 * Level 3.7 Conjurations
 - Level 5.2 Translocations
 * Level 3.8 Air Magic
 - Level 11.6 Poison Magic


You had 22 spell levels left.
You knew the following spells:

 Your Spells              Type           Power      Damage    Failure   Level
a - Poisonous Vapours     Pois/Air       78%        N/A       1%          2
b - Blink                 Tloc           58%        N/A       2%          2
c - Olgreb's Toxic Radia  Pois           53%        N/A       1%          4
d - Arcjolt               Conj/Air       12%        1d22      47%         5

Your spell library contained the following spells:

 Spells                   Type           Power      Damage    Failure   Level
 Sting                    Tmut/Pois      100%       1d8       1%          1
 Magic Dart               Conj           96%        1d7       2%          1
 Lesser Beckoning         Tloc           58%        N/A       2%          2
 Momentum Strike          Conj/Tloc      52%        3d9       3%          2
 Searing Ray              Conj           48%        2d6       4%          2
 Necrotise                Necr           36%        1d5       12%         1
 Slow                     Hex            36%        N/A       12%         1
 Summon Small Mammal      Summ           36%        N/A       12%         1
 Volatile Blastmotes      Fire/Tloc      38%        2d13      12%         3
 Iskenderun's Mystic Bla  Conj/Tloc      26%        2d7       16%         4
 Vhi's Electric Charge    Tloc/Air       54%        N/A       16%         4
 Call Canine Familiar     Summ           9%         N/A       30%         3
 Confusing Touch          Hex            9%         N/A       30%         3
 Sigil of Binding         Hex            9%         N/A       30%         3
 Summon Guardian Golem    Hex/Summ       9%         N/A       30%         3
 Vampiric Draining        Necr           9%         2d6       30%         3
 Dimensional Bullseye     Hex/Tloc       9%         N/A       32%         4
 Fulminant Prism          Conj/Hex       8%         3d7       41%         4
 Animate Dead             Necr           9%         N/A       65%         4
 Leda's Liquefaction      Hex/Erth       4%         N/A       65%         4
 Agony                    Necr           9%         N/A       92%         5
 Borgnjor's Vile Clutch   Necr/Erth      4%         N/A       92%         5
 Plasma Beam              Fire/Air       8%         2x1d18    99%         6
 Death Channel            Necr           4%         N/A       100%        6
 Haunt                    Necr/Summ      4%         N/A       100%        7
 Infestation              Necr           4%         N/A       100%        8


Dungeon Overview and Level Annotations

Branches:
Dungeon (15/15)            Temple (0/1) D:6            Lair (5/5) D:10
  Swamp (0/4) Lair:3       Spider (2/4) Lair:3        Slime (5/5) Lair:4
    Orc (2/2) D:11            Elf (0/3) Orc:2        Vaults (0/5) D:14
 Depths (0/4) D:15

Altars:
Cheibriados
Dithmenos
Elyvilon
Gozag
Kikubaaqudgha
Okawaru
Sif Muna
Trog
Vehumet
Zin
The Shining One
Jiyva

Shops:
D:5 =   Orc:1 [   Orc:2 !:(:

Portals:
Trove: D:10 (give 12 potions of heal wounds)

Annotations:
D:12 2 transporters
D:14 Roxanne
Slime:5 Royal Jelly


Innate Abilities, Weirdness & Mutations

You are a tree.
Your roots penetrate the ground, keeping you stationary.
You cannot be teleported.
You are immune to unholy pain and torment.
Your maximum health is greatly increased.
You cannot wear most types of armour.
((You are amphibious.))
You can wear up to eight rings at the same time.
((Your skin changes colour to match your surroundings (Stealth+).))
((Your pliable body absorbs attacks. (AC +2, EV +2)))
((You are camouflaged when in or above water. (Stealth+)))
((You have tentacles for arms and can constrict up to eight enemies at once.))
((You are mostly covered in iridescent scales. (AC +4)))
You are agile. (Dex +4, Str/Int -1)
((Your flesh is very heat resistant. (rF++)))
You are strong-willed. (Will+)
You regenerate.
((You are resistant to electric shocks. (rElec)))
Your muscles are very strong. (Str +8, Int/Dex -2)
Your spells are a little harder to cast, but a little more powerful.
((You have a small jelly attached to you that senses nearby items.))


Message History

The redback bites you but does no damage.
The wolf spider hits you but does no damage.
The wolf spider bites you but does no damage.
You hear a distant slurping noise.
The tarantella touches you but does no damage.
The wolf spider hits you but does no damage.
The wolf spider bites you but does no damage.
The wolf spider hits you but does no damage.
The wolf spider bites you!
* * * LOW HITPOINT WARNING * * *
The steelbarb worm hits you!
* * * LOW HITPOINT WARNING * * *
Barbed spikes become lodged in your body.
Okay, then.
Okay, then.
Okay, then.
Unknown command.
Non-targeted confused throw: throwing net
Press: ? - help, Q - select action, (/) - cycle Dir - look around, f - activate
Okay, then.
Unknown command.
Non-targeted confused throw: throwing net
Press: ? - help, Q - select action, (/) - cycle Dir - look around, f - activate Look: an emperor scorpion You throw a throwing net.
The throwing net barely misses the tarantella.
Your +4 long sword of Wunoyn {spect, +Blink rPois Dex-5} disappears.
You feel sick.
The tarantella touches you but does no damage.
The wolf spider hits you but does no damage.
The wolf spider bites you but does no damage.
The emperor scorpion stings you but does no damage.
The emperor scorpion claws you but does no damage. x2
The wolf spider hits you.
* * * LOW HITPOINT WARNING * * *
The wolf spider bites you but does no damage.
The steelbarb worm hits you but does no damage.
The tarantella touches you but does no damage.
The wolf spider hits you!
You die...

#...........†^#.....#
#...........#...#...##
##^......#.^.|....##^##
......#.#...##...###..#
...........####.#.#.).#
#....##....## #...>#..#
#†...###...^#.##.#....#
.#..## ##....s.s†....##
.[### ......!w♣s....#
.. ....^#.sss...... ..
##.#.....s....... ..
.....#.#......#. ..
(.........^#..#
..$............
.........#..###
....#...^)..


You could see an emperor scorpion, a steelbarb worm, 2 wolf spiders, an orb
spider, 2 tarantellas and a redback.

Vanquished Creatures
  Agnes (Spider:1)
  An orc warlord (Orc:2)
  Louise (D:15)
  The ghost of Lysca the Convoker, a journeyman BaSu of Cheibriados (Orc:2)
  A juggernaut skeleton (D:15)
  Josephine (D:13)
  8 vault guards (D:14)
  3 entropy weavers
  6 hydras
  Erolcha (Orc:2)
  2 ogre magi
  A death knight (D:13)
  5 catoblepae
  3 radroaches
  7 centaur warriors
  13 two-headed ogres
  6 boulder beetles
  11 death yaks
  3 demonic crawlers (Spider:1)
  A titan zombie (D:15)
  3 tengu warriors
  An orc high priest (Orc:2)
  A pharaoh ant (Spider:1)
  3 skeletal warriors
  A sun moth (Spider:1)
  A skyshark (Lair:2)
  An orb spider (Spider:2)
  A flayed ghost (D:15)
  A deep troll (Orc:2)
  3 steelbarb worms (Spider:1)
  A bog body (Lair:3)
  2 wizards (D:15)
  3 deep elf pyromancers
  A necromancer (D:15)
  5 wolf spiders
  8 ugly things
  2 orc knights
  9 orc sorcerers
  An oklob plant (Lair:3)
  2 frost giant zombies (D:15)
  7 manticores
  5 cyclopes
  36 elephants
  2 moths of wrath
  A black mamba (Lair:1)
  2 gargoyles
  3 torpor snails
  An unseen horror (D:13)
  2 guardian serpents (D:15)
  6 kobold demonologists
  7 komodo dragons
  11 cane toads
  A rime drake (Lair:2)
  A tengu conjurer (D:15)
  A tarantella (shapeshifter) (D:14)
  10 trolls
  A polar bear (Lair:2)
  2 hornets
  22 blink frogs
  8 tarantellas
  6 culicivoras
  2 water elementals (D:11)
  11 jumping spiders
  2 vampires
  7 wraiths
  3 shadows
  54 yaks
  2 basilisks
  2 wyverns
  26 redbacks
  5 vampire mosquitoes
  7 wargs
  An acid dragon (D:11)
  6 water moccasins
  17 orc warriors
  A black bear (D:8)
  3 ice beasts
  2 sky beasts
  8 ogres
  8 wolves
  A phantom (D:7)
  8 bullfrogs
  2 kobold brigands
  3 gnoll sergeants
  2 scorpions (D:4)
  5 wights
  10 killer bees
  3 electric eels
  8 howler monkeys
  3 hounds
  10 orc priests
  A gnoll bouda (Orc:2)
  4 iguanas
  3 sleepcaps
  36 orc wizards
  2 centaur simulacra (D:10)
  24 gnolls
  8 adders
  3 white imps
  A howler monkey simulacrum (D:10)
  3 ufetubi
  A worm (D:4)
  3 dart slugs
  47 orcs
  3 bats
  2 endoplasms (D:1)
  4 giant cockroaches (D:1)
  2 goblins (D:1)
  2 hobgoblins (D:1)
  2 jackals (D:1)
  21 kobolds
  4 quokkas
  6 ball pythons
  5 frilled lizards
  4 rats (D:1)
  A butterfly (Lair:2)
675 creatures vanquished.

Vanquished Creatures (others)
  A hydra (D:13)
  An elephant (Lair:4)
  A komodo dragon (Lair:4)
  A blink frog (Lair:4)
  4 slime creatures
  A vampire (D:12)
  2 wraiths (D:13)
  A centaur (D:8)
  A bullfrog (Lair:1)
  88 jellies
  2 orc priests
  Jessica (D:2)
  8 orc wizards
  A gnoll (D:4)
  2 adders
  2 shadow imps
  A worm (D:2)
  A dart slug (D:2)
  11 orcs
  A ball python (D:3)
  A bat (D:3)
  An endoplasm (D:4)
  A hobgoblin (D:4)
  3 goblins
  2 kobolds
  3 rats
  8 spectral weapons
150 creatures vanquished.

Grand Total: 825 creatures vanquished

Notes
Turn   | Place    | Note
-------+----------+-------------------------------------------
     0 | D:5      | croobank the Octopode Delver began the quest for the Orb.
     0 | D:5      | Reached XP level 1. HP: 16/16 MP: 1/1
    60 | D:5      | Noticed a howler monkey
    63 | D:5      | Noticed a killer bee
    82 | D:6      | Noticed a sleepcap
    83 | D:6      | Reached XP level 2. HP: 11/21 MP: 2/2
   146 | D:4      | Reached skill level 7 in Stealth
   146 | D:4      | Reached XP level 3. HP: 26/26 MP: 3/3
   503 | D:1      | Reached XP level 4. HP: 31/31 MP: 4/4
   530 | D:1      | Found a faded altar of an unknown god.
   557 | D:1      | Prayed at the altar of an unknown god.
   557 | D:1      | Became a worshipper of Jiyva Jyhos the Shapeless
   557 | D:1      | Reached * piety under Jiyva
  1280 | D:2      | Killed Jessica
  1465 | D:3      | Reached ** piety under Jiyva
  1693 | D:3      | Reached XP level 5. HP: 26/37 MP: 5/5
  2344 | D:4      | Noticed an ogre
  2352 | D:4      | Killed an ogre
  2353 | D:4      | Reached skill level 8 in Stealth
  2353 | D:4      | Reached XP level 6. HP: 43/43 MP: 6/6
  2373 | D:4      | Reached *** piety under Jiyva
  2776 | D:4      | Reached XP level 7. HP: 47/49 MP: 7/7
  2973 | D:4      | Gained mutation: You have very sharp teeth. [Jiyva's grace]
  2973 | D:4      | Gained mutation: You have extremely sharp teeth. [Jiyva's
                  | grace]
  2973 | D:4      | Gained mutation: You have razor-sharp teeth. [Jiyva's
                  | grace]
  2973 | D:4      | Gained mutation: You are agile. (Dex +4, Str/Int -1)
                  | [Jiyva's grace]
  3164 | D:5      | Reached skill level 5 in Fighting
  3174 | D:5      | Reached skill level 9 in Stealth
  3217 | D:5      | Reached XP level 8. HP: 54/55 MP: 8/8
  3323 | D:5      | Reached **** piety under Jiyva
  3365 | D:5      | Found Fimek's Jewellery Shop.
  3672 | D:6      | Reached skill level 5 in Short Blades
  3672 | D:6      | Reached skill level 5 in Dodging
  3840 | D:6      | Reached skill level 10 in Stealth
  3915 | D:6      | Found a shadowy altar of Dithmenos.
  4008 | D:6      | Found a staircase to the Ecumenical Temple.
  4266 | D:6      | Found an iron altar of Okawaru.
  4268 | D:6      | Found a glowing silver altar of Zin.
  4276 | D:6      | Found a snail-covered altar of Cheibriados.
  4406 | D:7      | Reached ***** piety under Jiyva
  4506 | D:7      | Reached XP level 9. HP: 62/62 MP: 9/9
  4583 | D:7      | Gained mutation: You are robust. (+10% HP) [Jiyva's grace]
  4583 | D:7      | Gained mutation: You are very robust. (+20% HP) [Jiyva's
                  | grace]
  4583 | D:7      | Gained mutation: You are extremely robust. (+30% HP)
                  | [Jiyva's grace]
  4583 | D:7      | Gained mutation: You are resistant to electric shocks.
                  | (rElec) [Jiyva's grace]
  5131 | D:8      | Reached skill level 11 in Stealth
  5169 | D:8      | Noticed a manticore
  5176 | D:8      | Noticed a centaur warrior
  5207 | D:8      | Noticed a deep elf pyromancer
  5210 | D:8      | Noticed a boulder beetle
  5217 | D:8      | Killed a manticore
  5225 | D:8      | Killed a centaur warrior
  5226 | D:8      | Reached XP level 10. HP: 41/92 MP: 10/10
  5279 | D:8      | Killed a boulder beetle
  5280 | D:8      | Reached skill level 12 in Stealth
  5280 | D:8      | Killed a deep elf pyromancer
  5291 | D:8      | Identified the +4 long sword of Wunoyn {spect, +Blink rPois
                  | Dex-5}
  5301 | D:8      | Identified the +3 battleaxe "Killer Klown's Regret"
                  | {freeze, *Slow Int+8}
  5449 | D:8      | Paralysed by a hornet for 2 turns
  5904 | D:9      | Reached skill level 1 in Shields
  6004 | D:9      | Noticed a deep elf pyromancer
  6011 | D:9      | Killed a deep elf pyromancer
  6012 | D:9      | Reached skill level 13 in Stealth
  6012 | D:9      | Reached XP level 11. HP: 85/95 MP: 8/11
  6375 | D:10     | Entered Level 10 of the Dungeon
  6531 | D:10     | Lost mutation: You have razor-sharp teeth. [Jiyva's grace]
  6531 | D:10     | Lost mutation: You have extremely sharp teeth. [Jiyva's
                  | grace]
  6531 | D:10     | Lost mutation: You are agile. (Dex +4, Str/Int -1) [Jiyva's
                  | grace]
  6531 | D:10     | Lost mutation: You are resistant to electric shocks.
                  | (rElec) [Jiyva's grace]
  6531 | D:10     | Gained mutation: Your natural rate of healing is unusually
                  | fast. [Jiyva's grace]
  6531 | D:10     | Gained mutation: You heal very quickly. [Jiyva's grace]
  6531 | D:10     | Gained mutation: You regenerate. [Jiyva's grace]
  6531 | D:10     | Gained mutation: You are partially covered in iridescent
                  | scales. (AC +2) [Jiyva's grace]
  6532 | D:10     | Found a radiant altar of Vehumet.
  6665 | D:10     | Found a bloodstained altar of Trog.
  6680 | D:10     | Noticed a two-headed ogre
  6691 | D:10     | Killed a two-headed ogre
  6763 | D:10     | Found a portal to a secret trove of treasure.
  6771 | D:10     | Found a staircase to the Lair.
  7091 | D:11     | Learned a level 2 spell: Poisonous Vapours
  7139 | D:11     | Noticed a two-headed ogre
  7154 | D:11     | Killed a two-headed ogre
  7155 | D:11     | Reached skill level 5 in Shields
  7290 | D:11     | Found a staircase to the Orcish Mines.
  7382 | D:11     | Noticed a sixfirhy
  7479 | D:11     | Noticed a boulder beetle
  7503 | D:11     | Killed a boulder beetle
  7504 | D:11     | Reached skill level 14 in Stealth
  7574 | D:11     | Reached XP level 12. HP: 50/111 MP: 12/12
  7888 | D:11     | Noticed a two-headed ogre
  7940 | D:11     | Killed a two-headed ogre
  8210 | D:12     | Reached skill level 1 in Poison Magic
  8217 | D:12     | Reached skill level 1 in Spellcasting
  8376 | D:12     | Noticed a boulder beetle
  8379 | D:12     | Killed a boulder beetle
  8397 | D:12     | Reached skill level 10 in Fighting
  8466 | D:12     | Found a transporter.
  8492 | D:12     | Noticed a boulder beetle
  8498 | D:12     | Killed a boulder beetle
  8522 | D:12     | Found a transporter.
  8555 | D:12     | Found a shimmering blue altar of Sif Muna.
  8619 | D:13     | Noticed Josephine
  8627 | D:13     | Killed Josephine
  8762 | D:13     | Noticed a four-headed hydra
  8769 | D:13     | Killed a four-headed hydra
  8773 | D:13     | Killed a four-headed hydra
  8775 | D:13     | Noticed a centaur warrior
  9047 | D:13     | Noticed a catoblepas
  9055 | D:13     | Killed a catoblepas
  9056 | D:13     | Reached skill level 10 in Short Blades
  9066 | D:13     | Noticed a tengu warrior
  9067 | D:13     | Noticed a tengu warrior
  9081 | D:13     | Killed a tengu warrior
  9084 | D:13     | Killed a tengu warrior
  9140 | D:13     | Noticed a centaur warrior
  9156 | D:13     | Killed a centaur warrior
  9157 | D:13     | Reached skill level 10 in Dodging
  9157 | D:13     | Reached skill level 5 in Poison Magic
  9157 | D:13     | Reached XP level 13. HP: 114/120 MP: 18/18
  9268 | D:13     | Reached skill level 15 in Stealth
  9463 | D:13     | HP: 5/120 [seven-headed hydra (6)]
  9985 | D:5      | Bought a +5 ring of evasion for 468 gold pieces
 10091 | Lair:1   | Entered Level 1 of the Lair of Beasts
 10105 | Lair:1   | You are sucked into a shaft and drop 1 floor!
 10284 | Lair:2   | Reached skill level 5 in Spellcasting
 10556 | Lair:1   | Lost mutation: You regenerate. [Jiyva's grace]
 10556 | Lair:1   | Lost mutation: You are extremely robust. (+30% HP) [Jiyva's
                  | grace]
 10556 | Lair:1   | Lost mutation: You are very robust. (+20% HP) [Jiyva's
                  | grace]
 10556 | Lair:1   | Gained mutation: You are covered in slimy tendrils that may
                  | disarm your opponents. [Jiyva's grace]
 10556 | Lair:1   | Gained mutation: You have a small jelly attached to you
                  | that senses nearby items. [Jiyva's grace]
 10556 | Lair:1   | Gained mutation: You are strong-willed. (Will+) [Jiyva's
                  | grace]
 10556 | Lair:1   | Gained mutation: You are highly strong-willed. (Will++)
                  | [Jiyva's grace]
 11528 | Lair:2   | Reached XP level 14. HP: 87/111 MP: 19/23
 11638 | Lair:2   | Found a glowing silver altar of Zin.
 11878 | Lair:3   | Found a hole to the Spider Nest.
 12225 | Lair:3   | Reached skill level 16 in Stealth
 12320 | Lair:3   | Found a staircase to the Swamp.
 12843 | Lair:3   | Lost mutation: You are partially covered in iridescent
                  | scales. (AC +2) [Jiyva's grace]
 12843 | Lair:3   | Lost mutation: You are highly strong-willed. (Will++)
                  | [Jiyva's grace]
 12843 | Lair:3   | Lost mutation: You heal very quickly. [Jiyva's grace]
 12843 | Lair:3   | Gained mutation: Your spells are a little harder to cast,
                  | but a little more powerful. [Jiyva's grace]
 12843 | Lair:3   | Gained mutation: Your spells are harder to cast, but more
                  | powerful. [Jiyva's grace]
 12843 | Lair:3   | Gained mutation: Your spells are much harder to cast, but
                  | much more powerful. [Jiyva's grace]
 12843 | Lair:3   | Gained mutation: Your pliable body absorbs attacks. (AC +2,
                  | EV +2) [Jiyva's grace]
 13381 | Lair:4   | Found a staircase to the Slime Pits.
 13392 | Slime:1  | Entered Level 1 of the Pits of Slime
 13398 | Slime:1  | Noticed an acid blob
 13402 | Slime:1  | Noticed an acid blob
 13446 | Slime:1  | Noticed an acid blob
 13517 | Slime:1  | Noticed a rockslime
 13577 | Slime:1  | Noticed an acid blob
 13813 | Slime:2  | Noticed an acid blob
 13814 | Slime:2  | Noticed an acid blob
 13829 | Slime:2  | Noticed an acid blob
 13832 | Slime:2  | Noticed a quicksilver ooze
 13903 | Slime:2  | Noticed a quicksilver ooze
 13904 | Slime:2  | Noticed a quicksilver ooze
 13919 | Slime:2  | Noticed an acid blob
 13991 | Slime:2  | Noticed an acid blob
 13998 | Slime:2  | Noticed an acid blob
 14003 | Slime:2  | Noticed an acid blob
 14019 | Slime:2  | Noticed a quicksilver ooze
 14149 | Slime:3  | Noticed a rockslime
 14151 | Slime:3  | Noticed a rockslime
 14156 | Slime:3  | Noticed a quicksilver ooze
 14231 | Slime:3  | Noticed an acid blob
 14431 | Slime:4  | Noticed an acid blob
 14455 | Slime:4  | Noticed an acid blob
 14544 | Slime:4  | Noticed an azure jelly
 14653 | Slime:4  | Noticed an acid blob
 14735 | Slime:5  | Entered Level 5 of the Pits of Slime
 14740 | Slime:5  | Noticed a formless jellyfish
 14748 | Slime:5  | Noticed an azure jelly
 14752 | Slime:5  | Noticed an acid blob
 14765 | Slime:5  | Noticed an acid blob
 14767 | Slime:5  | Found a viscous altar of Jiyva.
 14767 | Slime:5  | Noticed an acid blob
 14768 | Slime:5  | Noticed the Royal Jelly
 14770 | Slime:5  | Noticed an acid blob
 14770 | Slime:5  | Noticed an azure jelly
 14770 | Slime:5  | Noticed a rockslime
 14772 | Slime:5  | Noticed a quicksilver ooze
 14785 | Slime:5  | Noticed an acid blob
 14789 | Slime:5  | Noticed an acid blob
 14791 | Slime:5  | Noticed an acid blob
 14803 | Slime:5  | Noticed an acid blob
 14888 | Slime:5  | Noticed a rockslime
 14888 | Slime:5  | Noticed an azure jelly
 14948 | Slime:5  | Noticed a rockslime
 15259 | Slime:5  | Noticed a quicksilver ooze
 15600 | Lair:4   | Reached skill level 10 in Poison Magic
 15906 | Lair:5   | Entered Level 5 of the Lair of Beasts
 16548 | Lair:5   | Reached XP level 15. HP: 84/117 MP: 19/27
 17861 | Orc:1    | Entered Level 1 of the Orcish Mines
 17861 | Orc:1    | Lost mutation: You have very sharp teeth. [Jiyva's grace]
 17861 | Orc:1    | Lost mutation: Your spells are much harder to cast, but
                  | much more powerful. [Jiyva's grace]
 17861 | Orc:1    | Gained mutation: Your flesh is heat resistant. (rF+)
                  | [Jiyva's grace]
 17861 | Orc:1    | Gained mutation: Your flesh is very heat resistant. (rF++)
                  | [Jiyva's grace]
 17861 | Orc:1    | Gained mutation: Your flesh is almost immune to the effects
                  | of heat. (rF+++) [Jiyva's grace]
 17861 | Orc:1    | Gained mutation: You are resistant to electric shocks.
                  | (rElec) [Jiyva's grace]
 17944 | Orc:1    | Found Raijugekk's Armour Shoppe.
 18340 | D:5      | Bought the ring of Xiacidgh {rN++ SInv} for 422 gold pieces
 18468 | Orc:2    | Entered Level 2 of the Orcish Mines
 18481 | Orc:2    | Noticed an orc warlord
 18513 | Orc:2    | Killed an orc warlord
 18740 | Orc:2    | Found a staircase to the Elven Halls.
 18925 | Orc:2    | Found a transporter.
 18938 | Orc:2    | Found a transporter.
 18938 | Orc:2    | Found a bloodstained altar of Trog.
 18938 | Orc:2    | Noticed Lysca's ghost (journeyman BaSu)
 18984 | Orc:2    | Killed Lysca's ghost
 19148 | Orc:2    | Paralysed by an orc sorcerer for 5 turns
 19156 | Orc:2    | Reached skill level 17 in Stealth
 19212 | Orc:2    | Found Notwil's Book Emporium.
 19251 | Orc:2    | Bought a book of Spatial Translocations for 216 gold pieces
 19254 | Orc:2    | Learned a level 2 spell: Blink
 19271 | Orc:2    | Found a radiant altar of Vehumet.
 19272 | Orc:2    | Noticed Erolcha
 19276 | Orc:2    | Found Xeqacoirch's Antique Weapon Emporium.
 19293 | Orc:2    | Killed Erolcha
 19323 | Orc:2    | Found an ancient bone altar of Kikubaaqudgha.
 19334 | Orc:2    | Reached skill level 1 in Translocations
 19429 | Orc:2    | Found Noruloxu's Book Shoppe.
 19451 | Orc:2    | Found Ywedwy's Distillery.
 19462 | Orc:2    | Bought a potion of heal wounds for 65 gold pieces
 19995 | D:14     | Identified the +0 scale mail "Eneotula" {rCorr Str-2
                  | Stlth+}
 20000 | D:14     | Found a glowing silver altar of Zin.
 20000 | D:14     | Found a white marble altar of Elyvilon.
 20001 | D:14     | Found a glowing golden altar of the Shining One.
 20226 | D:14     | Lost mutation: Your flesh is almost immune to the effects
                  | of heat. (rF+++) [Jiyva's grace]
 20226 | D:14     | Lost mutation: You are robust. (+10% HP) [Jiyva's grace]
 20226 | D:14     | Lost mutation: Your spells are harder to cast, but more
                  | powerful. [Jiyva's grace]
 20226 | D:14     | Lost mutation: You are covered in slimy tendrils that may
                  | disarm your opponents. [Jiyva's grace]
 20226 | D:14     | Gained mutation: You are partially covered in iridescent
                  | scales. (AC +2) [Jiyva's grace]
 20226 | D:14     | Gained mutation: You are mostly covered in iridescent
                  | scales. (AC +4) [Jiyva's grace]
 20226 | D:14     | Gained mutation: You are completely covered in iridescent
                  | scales. (AC +6) [Jiyva's grace]
 20226 | D:14     | Gained mutation: You are agile. (Dex +4, Str/Int -1)
                  | [Jiyva's grace]
 20239 | D:14     | Noticed Roxanne
 20246 | D:14     | Learned a level 4 spell: Olgreb's Toxic Radiance
 20350 | D:14     | Reached XP level 16. HP: 86/114 MP: 21/29
 20541 | D:14     | Found a gate to the Vaults.
 20765 | D:15     | Entered Level 15 of the Dungeon
 21004 | D:15     | Found a staircase to the Depths.
 21259 | D:15     | Found an opulent altar of Gozag.
 21426 | D:15     | Noticed Louise
 21464 | D:15     | Killed Louise
 21503 | D:15     | Identified the amulet of the Hammering Gods {Spirit rF+
                  | Dex+2}
 21511 | D:15     | Reached skill level 5 in Translocations
 22207 | Orc:2    | Learned a level 5 spell: Arcjolt
 22339 | Spider:1 | Entered Level 1 of the Spider Nest
 22719 | Spider:1 | Reached skill level 1 in Conjurations
 22719 | Spider:1 | Reached skill level 1 in Air Magic
 23009 | Spider:1 | Lost mutation: You are completely covered in iridescent
                  | scales. (AC +6) [Jiyva's grace]
 23009 | Spider:1 | Gained mutation: You heal very quickly. [Jiyva's grace]
 23009 | Spider:1 | Gained mutation: You regenerate. [Jiyva's grace]
 23009 | Spider:1 | Gained mutation: Your muscles are strong. (Str +4, Int/Dex
                  | -1) [Jiyva's grace]
 23009 | Spider:1 | Gained mutation: Your muscles are very strong. (Str +8,
                  | Int/Dex -2) [Jiyva's grace]
 23320 | Spider:1 | Noticed Agnes
 23325 | Spider:1 | Killed Agnes
 23478 | Spider:2 | Reached skill level 18 in Stealth
 23622 | Spider:2 | Reached XP level 17. HP: 121/121 MP: 28/30
 23656 | Spider:2 | HP: 4/181 [steelbarb worm (13)]
 23657 | Spider:2 | Mangled by a wolf spider

Illustrated notes

Levels and vault maps discovered:
D:1:      saegor_arrival_under_anarchy, layout_loops_ring,
          ebering_ecumenical_altar_rust, minmay_liquid_box
D:2:      layout_basic, uniq_jessica
D:3:      layout_loops_corners, uniq_grinder
D:4:      layout_layer_cave, hellmonk_no_cap
D:5:      layout_cave_pools, serial_shops, shop, minmay_misc_feat_ornament
D:6:      cheibrodos_helix_gallery, layout_rooms,
          gammafunk_temple_overflow_forgotten, mainiacjoe_overflow_alcove_4,
          minmay_temple_entry_large_hall, serial_glass, glass_columns_b,
          glass_columns_a, glass_columns_b, glass_columns_b, glass_columns_c,
          glass_columns_a, glass_columns_a, glass_columns_b, glass_columns_b,
          glass_columns_b, minmay_strange_pillars, item_on_display_a
D:7:      layout_basic, minmay_misc_feat_square
D:8:      black_bear_nest_1, layout_loops_ring, minmay_diamond_spiral
D:9:      layout_rooms, dreamdust_deal_with_the_devil, minmay_fountain_box,
          nzn_life_drinkers
D:10:     layout_basic, nicolae_vehumet_radiance,
          mainiacjoe_overflow_six_doors_small, lair_entry_dummy, serial_ice,
          serial_ice_c, serial_ice_b, serial_ice_h, serial_ice_l,
          nicolae_trove_entry_free_sample, kennysheep_generic_room_2
D:11:     layout_stronghold, minmay_orc_entry_guard_dogs, serial_bayou,
          serial_bayou_ford_a, serial_bayou_pond_b, serial_bayou_pond_b,
          serial_bayou_pond_a
D:12:     gammafunk_cloud_chamber, layout_rooms, nicolae_sif_muna_condensation
D:13:     wad_arrow_thing, layout_basic, grunt_decor_arrowhead, uniq_josephine
D:14:     layout_grid_maze, erik_vaults_2, good_gods_temple_1, uniq_roxanne
D:15:     gammafunk_depths_entry_grave, layout_basic, grunt_gozag_breadcrumbs,
          nrook_guardian_serpent_double, uniq_louise
Lair:1:   layout_chaotic_city, grunt_megastairs_4
Lair:2:   layout_layer_cave, basic_altar, minmay_stone_trees_small,
          lemuel_fruit_fields
Lair:3:   layout_loops_ring, skrybe_swamp_entry_bodies,
          nicolae_spider_entry_tight_spaces, eino_small_chamber_without_monster,
          serial_bayou_shore_a
Lair:4:   layout_cave_pods, minmay_slime_entry_pillars,
          nicolae_quartered_pool_medium, lemuel_fruit_tree, grunt_megastairs_2,
          infiniplex_staircase_pool_2
Lair:5:   evilmike_catoblepas_cave, layout_misc_corridors
Spider:1: layout_spider_delve, uniq_agnes
Spider:2: layout_spider_delve, drop_trap, lemuel_hornet_nest
Slime:1:  layout_caves, nicolae_slime_getting_an_eyeful
Slime:2:  layout_caves
Slime:3:  layout_caves
Slime:4:  layout_caves, cheibrodos_slime_lost_civilization_7
Slime:5:  slime_pit_nicolae_inversion
Orc:1:    layout_caves, serial_shops, nicolae_shop_peninsula
Orc:2:    kennysheep_orc_mage_school, layout_diamond_mine,
          gammafunk_ghost_wrathful_warriors

Skill      XL: |  1  2  3  4  5  6  7  8  9 10 11 12 13 14 15 16 |
---------------+-------------------------------------------------+-----
Stealth        | 7 8 9 10 11 13 14 15 16 17 18 | 18.1
Dodging        | 3 4 5 7 8 9 10 11 12 | 12.5
Short Blades   | 3 4 5 7 8 9 10 11 12 | 12.6
Fighting       | 4 5 6 7 8 9 10 11 12 | 12.9
Shields        | 2 6 7 8 9 |  9.0
Poison Magic   | 5 8 10 11 | 11.6
Spellcasting   | 3 6 8 9 |  9.6
Translocations | 3 5 |  5.2
Conjurations   | 3 |  3.7
Air Magic      | 3 |  3.8

Action                     |  1- 3 |  4- 6 |  7- 9 | 10-12 | 13-15 | 16-18 || total
---------------------------+-------+-------+-------+-------+-------+-------++-------
  Melee: Short sword       |    35 |    73 |       |       |       |       ||   108
         Constrict         |     7 |    16 |    39 |    37 |   131 |    60 ||   290
         Tentacles         |     7 |    20 |    70 |   181 |   948 |   356 ||  1582
         Dagger            |       |    35 |   262 |   556 |  2491 |   524 ||  3868
         Bite              |       |       |    28 |    90 |   427 |       ||   545
         Punch             |       |       |     1 |    11 |    69 |    21 ||   102
         Flail             |       |       |       |     8 |       |       ||     8
         Long sword        |       |       |       |       |       |   403 ||   403
  Throw: Boomerang         |       |       |    10 |    20 |    13 |       ||    43
         Dart              |       |       |     4 |       |     5 |     1 ||    10
         Throwing net      |       |       |       |       |     4 |     9 ||    13
   Cast: Poisonous Vapours |       |       |       |       |    18 |     1 ||    19
         Olgreb's Toxic Ra |       |       |       |       |       |     7 ||     7
 Invoke: Oozemancy         |       |       |     3 |    15 |     6 |     6 ||    30
Ability: Evoke Blink       |       |       |       |       |       |     1 ||     1
  Evoke: Wand              |       |       |       |     2 |    13 |     1 ||    16
    Use: Potion            |       |       |     4 |     1 |     2 |     7 ||    14
         Scroll            |       |       |    14 |     6 |    11 |     3 ||    34
   Stab: Sleeping          |     6 |    26 |    12 |    24 |    18 |     8 ||    94
         Distracted        |       |     2 |     1 |     1 |     5 |    12 ||    21
         Held in net/web   |       |       |       |       |     3 |     4 ||     7
         Invisible         |       |       |       |       |     2 |       ||     2
 Armour: Skin              |    14 |    28 |   118 |   172 |   708 |   364 ||  1404
  Dodge: Dodged            |    21 |    33 |    88 |   196 |  1243 |  1192 ||  2773
  Block: Kite shield       |       |       |       |    63 |  1016 |   640 ||  1719
         Reflection        |       |       |       |       |     1 |     1 ||     2

Table legend: (Time is in decaauts)
 A = Elapsed time spent in this place.
 B = Non-inter-level travel time spent in this place.
 C = Inter-level travel time spent in this place.
 D = Time resting spent in this place.
 E = Time spent auto-exploring this place.
 F = Levels seen in this place.
 G = Mean time per level.
                   A        B        C        D        E       F      G
               +--------+--------+--------+--------+--------+-----+--------+
         Total |  21792 |  20323 |   1469 |   1162 |  12313 |  29 |  751.4 |
       Dungeon |  12140 |  11209 |    931 |    645 |   6940 |  15 |  809.3 |
          Lair |   4953 |   4629 |    324 |    317 |   2676 |   5 |  990.6 |
   Spider Nest |   1370 |   1365 |      5 |    115 |    536 |   2 |  685.0 |
    Slime Pits |   1966 |   1840 |    126 |     76 |   1528 |   5 |  393.2 |
  Orcish Mines |   1361 |   1280 |     81 |      8 |    633 |   2 |  680.5 |
               +--------+--------+--------+--------+--------+-----+--------+

Top non-repeatable levels by time:
  Lair:5: 1466 daAuts
    D:13: 1370 daAuts
    D:11: 1254 daAuts
    D:15: 1167 daAuts
Spider:1: 1160 daAuts
  Lair:3: 968 daAuts
  Lair:4: 944 daAuts
   Orc:2: 917 daAuts
     D:3: 912 daAuts
     D:8: 905 daAuts
     D:4: 844 daAuts
  Lair:2: 800 daAuts
     D:1: 785 daAuts
  Lair:1: 774 daAuts
     D:5: 742 daAuts
